 Dungeon Crawl Stone Soup version 0.24.0-13-gcf9b319 (webtiles) character file.

Game seed: 7280853293906155419, levelgen mode: deterministic

770 silenth the Martial Artist (level 7, -2/55 HPs)
             Began as a Vampire Monk on Jan 30, 2020.
             Slain by an adder (4 damage)
             ... on level 5 of the Dungeon.
             The game lasted 00:07:18 (4088 turns).

silenth the Martial Artist (Vampire Monk)           Turns: 4088, Time: 00:07:18

Health: -2/55      AC: -2    Str: 12    XL:     7   Next: 52%
Magic:  7/7        EV: 10    Int: 12    God:
Gold:   262        SH:  0    Dex: 17    Spells: 6/6 levels left

rFire    . . .     SeeInvis +     - Unarmed
rCold    . . .     Gourm    .   (no shield)
rNeg     . . .     Faith    .   d - +0 scale mail
rPois    .         Spirit   .   o - +0 helmet
rElec    .         Reflect  .   b - +0 cloak
rCorr    .         Harm     .   (no gloves)
MR       .....                  (no boots)
Stlth    +.........             k - amulet of rage
HPRegen  0.38/turn              (no ring)
MPRegen  0.10/turn              (no ring)

@: corroded, regenerating quickly
A: no food, fangs 3, iridescent scales 1, see invisible, low mp 1, wild magic 1,
unbreathing
a: Exsanguinate, Evoke Berserk Rage


You were on level 5 of the Dungeon.
You were alive.

You visited 1 branch of the dungeon, and saw 5 of its levels.

You collected 262 gold pieces.

Inventory:

Armour
 a - a +0 robe
 b - a +0 cloak (worn)
 d - a +0 scale mail (worn)
 o - a +0 helmet (worn)
Jewellery
 k - an amulet of rage (around neck)
Wands
 e - a wand of flame (20)
Scrolls
 f - 2 scrolls of magic mapping
 g - a scroll of enchant weapon
 i - a scroll of identify
 j - a scroll of amnesia
 l - a scroll of immolation
 m - 2 scrolls of teleportation {unknown}
 r - 3 scrolls of remove curse


   Skills:
 + Level 4.9 Fighting
 - Level 3.2 Dodging
 - Level 3.0 Stealth
 * Level 8.0 Unarmed Combat
 - Level 2.0 Evocations


You had 6 spell levels left.
You didn't know any spells.
Your spell library was empty.

Dungeon Overview and Level Annotations

Branches:
Dungeon (5/15)
 Temple: D:4-7

Altars:
Okawaru

Annotations:
D:5 Pikel


Innate Abilities, Weirdness & Mutations

You do not eat.
Your natural rate of healing is unusually fast.
You have razor-sharp teeth.
You have supernaturally acute eyesight. (SInv)
You can survive without breathing.
You are partially covered in iridescent scales. (AC +2)
Your magical capacity is low. (-10% MP)
Your spells are a little harder to cast, but a little more powerful.


Message History

The jelly is almost dead.
The jelly hits you but does no damage.
You hit the jelly but do no damage.
Your hands burn!
The jelly is almost dead.
The jelly hits you.
You are splashed with acid.
* * * LOW HITPOINT WARNING * * *
You hit the jelly but do no damage.
Your hands burn!
* * * LOW HITPOINT WARNING * * *
The jelly is almost dead.
The adder bites you.
* * * LOW HITPOINT WARNING * * *
The jelly hits you.
* * * LOW HITPOINT WARNING * * *
The acid corrodes you!
You are splashed with acid!
* * * LOW HITPOINT WARNING * * *
You hit the jelly.
You kill the jelly!
Your Unarmed Combat skill increases to level 8!
The adder closely misses you. The adder bites you.
You die...

###...... .......
##...!.# ##..%.%.##
###........#.##
##....##....#..#
#.....#.........
......#..........
##........@.......
#....##....S......
..............[...
......[#........$.
.......#........#.
#........)......#.
#........#....... ..
....#..........##...
....#..........###.


You could see an adder.

Vanquished Creatures
  2 centaurs (D:5)
  An ogre (D:4)
  A scorpion (D:4)
  A quasit (D:5)
  Crazy Yiuf (D:3)
  A bullfrog skeleton (D:4)
  A jelly (D:5)
  An orc priest (D:4)
  2 hounds
  Jessica (D:3)
  An iguana (D:5)
  A worker ant (D:4)
  5 adders
  A shadow imp (D:4)
  2 oozes
  2 adder skeletons
  5 worms
  3 dart slugs
  3 leopard geckos
  13 orcs
  9 bats
  6 giant cockroaches
  9 goblins
  11 hobgoblins
  13 jackals
  A quokka (D:3)
  3 ball pythons
  5 frilled lizards
  9 kobolds
  11 rats
125 creatures vanquished.

Notes
Turn   | Place    | Note
-------+----------+-------------------------------------------
     0 | D:1      | silenth the Vampire Monk began the quest for the Orb.
     0 | D:1      | Reached XP level 1. HP: 17/17 MP: 1/1
    99 | D:1      | Reached XP level 2. HP: 19/23 MP: 2/2
   155 | D:1      | Reached skill level 3 in Fighting
   173 | D:1      | Reached skill level 4 in Unarmed Combat
   272 | D:1      | Reached XP level 3. HP: 26/29 MP: 3/3
  1141 | D:2      | Reached XP level 4. HP: 19/35 MP: 4/4
  1228 | D:2      | Reached skill level 5 in Unarmed Combat
  1986 | D:3      | Reached XP level 5. HP: 35/42 MP: 5/5
  2027 | D:3      | Noticed Jessica
  2031 | D:3      | Killed Jessica
  2087 | D:3      | Found a runed translucent door.
  2088 | D:3      | Noticed Crazy Yiuf
  2118 | D:3      | HP: 1/42 [Crazy Yiuf/+2 quarterstaff of chaos (19)]
  2272 | D:2      | Gained mutation: You are partially covered in iridescent
                  | scales. (AC +2) [potion of mutation]
  2272 | D:2      | Gained mutation: Your magical capacity is low. (-10% MP)
                  | [potion of mutation]
  2272 | D:2      | Gained mutation: Your spells are a little harder to cast,
                  | but a little more powerful. [potion of mutation]
  2289 | D:3      | Killed Crazy Yiuf
  2289 | D:3      | Reached skill level 4 in Fighting
  2289 | D:3      | Reached skill level 6 in Unarmed Combat
  2292 | D:3      | HP: 4/42 [poisoned by Crazy Yiuf]
  2296 | D:3      | HP: 1/42 [poisoned by Crazy Yiuf]
  3253 | D:4      | Reached XP level 6. HP: 24/43 MP: 5/5
  3399 | D:4      | Found an iron altar of Okawaru.
  3528 | D:4      | Reached skill level 1 in Evocations
  3666 | D:4      | Reached skill level 7 in Unarmed Combat
  3953 | D:5      | Entered Level 5 of the Dungeon
  3970 | D:5      | Reached XP level 7. HP: 13/49 MP: 7/7
  3974 | D:5      | Reached skill level 2 in Evocations
  4005 | D:5      | Noticed Pikel
  4087 | D:5      | HP: 2/55 [acid (10)]
  4088 | D:5      | Reached skill level 8 in Unarmed Combat
  4088 | D:5      | Slain by an adder

Levels and vault maps discovered:
D:1:      evilmike_arrival_run_for_it, layout_loops_ring
D:2:      layout_rooms, first_ration, kennysheep_generic_room_13
D:3:      kb_forest_paths, layout_rooms, kennysheep_generic_room_2,
          uniq_jessica, uniq_crazy_yiuf_cottage
D:4:      layout_gridville, okawaru_metal_pillars_1_2
D:5:      layout_cave_pools, minmay_temple_entry_grid, portal_sewer_entry_e,
          uniq_pikel

Skill      XL: |  1  2  3  4  5  6  7 |
---------------+----------------------+-----
Fighting       | 3 4 |  4.9
Unarmed Combat | 4 5 6 7 8 |  8.0
Evocations     | 1 2 |  2.0
Dodging        | |  3.2
Stealth        | |  3.0

Action                   |  1- 3 |  4- 6 |  7- 9 || total
-------------------------+-------+-------+-------++-------
Melee: Unarmed           |   146 |   262 |    37 ||   445
       Bite              |    14 |    29 |     3 ||    46
       Punch             |     2 |     4 |     2 ||     8
 Abil: Exsanguinate      |       |     1 |       ||     1
       Revivify          |       |     1 |       ||     1
  Use: Potion            |     2 |     9 |       ||    11
       Scroll            |       |    11 |       ||    11
 Stab: Sleeping          |    11 |     6 |       ||    17
Armor: Robe              |    26 |     5 |       ||    31
       Scale mail        |       |    80 |    47 ||   127
Dodge: Dodged            |   119 |   122 |    37 ||   278
